 Dungeon Crawl Stone Soup version 0.23.0 (webtiles) character file.

Game seed: 15276149264090898004

2 Monsterracer the Sneak (level 1, 0/19 HPs)
             Began as a Naga Wanderer on Feb 15, 2019.
             Slain by a goblin (1 damage)
             ... on level 1 of the Dungeon.
             The game lasted 00:00:36 (147 turns).

Monsterracer the Sneak (Naga Wanderer)               Turns: 147, Time: 00:00:36

Health: 0/19       AC:  2    Str: 16    XL:     1   Next: 40%
Magic:  1/1        EV:  8    Int: 11    God:
Gold:   6          SH:  0    Dex:  9    Spells: 0/0 levels left

rFire    . . .     SeeInvis +   a - +0 mace
rCold    . . .     Gourm    .   (no shield)
rNeg     . . .     Faith    .   f - +0 ring mail
rPois    +         Spirit   .   (no helmet)
rElec    .         Reflect  .   (no cloak)
rCorr    .         Harm     .   (no gloves)
MR       .....                  (no barding)
Stlth    +.........             (no amulet)
HPRegen  0.06/turn              (no ring)
MPRegen  0.07/turn              (no ring)

@: very slow
A: large, see invisible, deformed body, poison resistance, slowness 2, slow
metabolism 1, spit poison 1, AC +0
a: Spit Poison


You were on level 1 of the Dungeon.
You were not hungry.

You visited 1 branch of the dungeon, and saw 1 of its levels.

You collected 6 gold pieces.

Inventory:

Hand Weapons
 a - a +0 mace (weapon)
Armour
 f - a +0 ring mail (worn)
Scrolls
 b - a scroll of identify {unknown}
Potions
 d - a potion of heal wounds
Comestibles
 c - a ration


   Skills:
 * Level 2.1 Fighting
 * Level 2.1(2.2) Maces & Flails
   Level 1.0(1.6) Staves
 - Level 1.5 Dodging
 - Level 3.0 Stealth
   Level 1.0 Shields


You couldn't memorise any spells.
You didn't know any spells.
Your spell library was empty.

Dungeon Overview and Level Annotations

Branches:
Dungeon (1/15)

Altars:
Nemelex Xobeh


Innate Abilities, Weirdness & Mutations

You cannot wear boots.
Your serpentine skin is tough. (AC +0)
You have supernaturally acute eyesight. (SInv)
Armour fits poorly on your strangely shaped body.
Your system is resistant to poisons. (rPois)
You cover ground very slowly.
You have a slow metabolism.
You can spit poison.


Message History

You see here a bat corpse.
There is a staircase leading out of the dungeon here.
You see here a +2 dagger.
Found an escape hatch in the floor.
Health restored: 19 A goblin comes into view.
It is wielding a +0 dagger.
The goblin shouts!
A goblin is nearby!
No reachable target in view!
Found a sparkling altar of Nemelex Xobeh.
The teleport trap disappears.
The goblin disappears!
The goblin reappears nearby!
Press: ? - help, Shift-Dir - straight line, f - goblin
Aim: a goblin, wielding a +0 dagger The splash of poison misses the goblin.
You feel slightly more hungry.
You hit the goblin.
You kill the goblin!
You see here a +0 dagger.
No target in view!
You have got your breath back.
You now have 6 gold pieces.
b - a scroll labeled EXUCKI DAWN A bat comes into view.
A bat is nearby!
The bat hits you but does no damage.
A goblin comes into view.
The goblin shouts!
The bat barely misses you.
A rat comes into view.
You miss the bat. The bat hits you but does no damage.
You barely miss the goblin. The bat closely misses you. The bat hits you.
The goblin closely misses you.
You take 1 damage, and have 18/19 hp.
You hit the goblin.
The goblin is heavily wounded.
The bat hits you but does no damage. The goblin closely misses you.
You closely miss the goblin.
The goblin is heavily wounded.
The bat hits you but does no damage. The goblin closely misses you.
The goblin hits you.
You take 2 damage, and have 16/19 hp.
You barely miss the goblin.
The goblin is heavily wounded.
The bat hits you but does no damage. The bat barely misses you.
The goblin closely misses you.
You miss the goblin.
The goblin is heavily wounded.
The bat hits you but does no damage. The rat closely misses you.
The goblin barely misses you.
You barely miss the goblin.
The goblin is heavily wounded.
The bat hits you. The rat bites you. The goblin barely misses you.
The goblin hits you but does no damage. The rat bites you.
You take 3 damage, and have 13/19 hp.
You are too injured to fight recklessly!
You are too injured to fight recklessly!
Press: ? - help, Shift-Dir - straight line, f - goblin
Aim: a goblin (heavily wounded)
The splash of poison misses the goblin.
You feel slightly more hungry. The bat barely misses you.
The rat bites you but does no damage. The goblin hits you.
* * * LOW HITPOINT WARNING * * *
You take 4 damage, and have 9/19 hp.
MASSIVE DAMAGE!!
Unknown command.
You closely miss the goblin.
The goblin is heavily wounded.
The bat hits you but does no damage. The rat bites you but does no damage.
The goblin hits you.
* * * LOW HITPOINT WARNING * * *
You take 1 damage, and have 8/19 hp.
Unknown command.
You hit the goblin but do no damage.
The goblin is heavily wounded.
The bat hits you.
* * * LOW HITPOINT WARNING * * *
The bat completely misses you. The rat barely misses you. The goblin hits you.
* * * LOW HITPOINT WARNING * * *
You take 2 damage, and have 6/19 hp.
You barely miss the goblin.
The goblin is heavily wounded.
The bat hits you.
* * * LOW HITPOINT WARNING * * *
The rat bites you.
* * * LOW HITPOINT WARNING * * *
The goblin hits you.
* * * LOW HITPOINT WARNING * * *
You take 3 damage, and have 3/19 hp.
You can't do that yet.
A rat comes into view.
The bat hits you but does no damage. The rat bites you.
* * * LOW HITPOINT WARNING * * *
The rat misses you. The goblin closely misses you.
You take 1 damage, and have 2/19 hp.
Unknown command.
You barely miss the bat.
You have got your breath back.
The bat hits you but does no damage. The rat bites you.
* * * LOW HITPOINT WARNING * * *
The goblin hits you.
You die...

#...# #...# #...#
#######...#####.
#..............r
................
.......r........
#g@.# #...#
###..b#####
##.........####
##⌠.⌠....##....#
#.._......#.##.###
#.⌠.⌠............#
#.#.#..#.#.....#.#
..........)#.....#.#


You could see a goblin, a bat and 2 rats.

Vanquished Creatures
  A bat (D:1)
  A goblin (D:1)
2 creatures vanquished.

Notes
Turn   | Place    | Note
-------+----------+-------------------------------------------
     0 | D:1      | Monsterracer the Naga Wanderer began the quest for the Orb.
     0 | D:1      | Monsterracer set off with the following items: a +2 dagger,
                  | a +0 mace, a ration, a potion of heal wounds, a +0 ring
                  | mail
     0 | D:1      | Reached XP level 1. HP: 19/19 MP: 1/1
   113 | D:1      | Found a sparkling altar of Nemelex Xobeh.
   142 | D:1      | HP: 9/19 [goblin (4)]
   145 | D:1      | HP: 4/19 [rat (2)]
   147 | D:1      | HP: 1/19 [rat (1)]
   147 | D:1      | Slain by a goblin

Action                   || total
-------------------------++-------
Melee: Mace              ||    26
 Abil: Spit Poison       ||     3
Armor: Ring mail         ||    28
Dodge: Dodged            ||    28

Levels and vault maps discovered:
D:1:      minmay_arrival_semitransparent, layout_loops_cross,
          nemelex_xobeh_ov_fountains_minmay
